 Dungeon Crawl Stone Soup version 0.30.0-10-gfe55d96785 (webtiles) character file.

Game seed: 12649481098179664159

1693 qw the Cleaver (level 9, -5/56 HPs)
             Began as a Gargoyle Cinder Acolyte on May 17, 2023.
             Was an Elder of Ignis.
             Slain by a troll (8 damage)
             ... on level 6 of the Dungeon.
             The game lasted 00:02:57 (5108 turns).

qw the Cleaver (Gargoyle Cinder Acolyte)            Turns: 5108, Time: 00:02:58

Health: -5/56      AC: 27    Str: 21    XL:     9   Next: 2%
Magic:  10/10      EV:  6    Int: 16    God:    Ignis [****..]
Gold:   198        SH:  0    Dex:  5    Spells: 10/10 levels left

rFire   + . .        Y - +1 war axe (chaos)
rCold   + . .        (no shield)
rNeg    + . .        d - +3 plate armour
rPois   inf          m - +2 helmet
rElec   +            (no cloak)
rCorr   .            n - +1 pair of gloves of Wecyupp {-Cast rPois rC+}
SInv    .            (no boots)
Will    .....        g - amulet of the acrobat Stlth
                     (no ring)
HPRegen 0.29/turn    (no ring)
MPRegen 0.12/turn

%: no spellcasting, acrobat
@: about to teleport
A: sickness immunity, AC +6, negative energy resistance 1, electricity
resistance, torment resistance 1, petrification resistance
a: Renounce Religion, Fiery Armour, Foxfire Swarm, Rising Flame


You were on level 6 of the Dungeon.
You worshipped Ignis.
Ignis was greatly pleased with you.
You visited 1 branch of the dungeon, and saw 6 of its levels.

You collected 303 gold pieces.
You spent 105 gold pieces at shops.


Innate Abilities, Weirdness & Mutations

You are immune to sickness and miasma.
Your stone body is resilient. (AC +6)
You are immune to poison.
You resist negative energy. (rN+)
You are resistant to electric shocks. (rElec)
You are resistant to unholy torment.
You are immune to petrification.


   Skills:
 - Level 6.4 Fighting
 + Level 8.2 Axes
 - Level 1.1 Throwing
 - Level 5.4 Armour
 - Level 1.0 Spellcasting
 - Level 3.0 Fire Magic


You had 10 spell levels left.
You didn't know any spells.
Your spell library contained the following spells:

 Spells                   Type           Power      Damage    Failure   Level
 Scorch                   Fire           20%        2d5       91%         2

Inventory:

Hand Weapons
 l - a -1 hand axe of flaming
 Y - a +1 war axe of chaos (weapon)
Missiles
 o - a boomerang (quivered)
Armour
 d - a +3 plate armour (worn)
 m - a +2 helmet (worn)
 n - the +1 pair of gloves of Wecyupp (worn) {-Cast rPois rC+}
   (You acquired it on level 3 of the Dungeon)

   rC:        It protects you from cold.
   rPois:     It protects you from poison.
   -Cast:     It prevents spellcasting.
 u - a +2 pair of gloves
Jewellery
 a - an amulet of regeneration
 f - a ring of fire
 g - an amulet of the acrobat (around neck)
 r - an amulet of reflection
Scrolls
 i - 2 scrolls of identify
 s - a scroll of torment {unknown}
Potions
 b - a potion of lignification {unknown}
 c - a potion of haste
 e - 3 potions of curing
 h - a potion of might
 j - a potion of flight {unknown}
 k - a potion of attraction {unknown}
 p - a potion of cancellation
 t - a potion of magic {unknown}

Dungeon Overview and Level Annotations

Branches:
Dungeon (6/15)             Temple (0/1) D:6

Altars:
Xom

Shops:
D:1 :   D:4 =(?:*

Annotations:
D:3 2 transporters, Venter's ghost, amateur DsFi


Message History

You closely miss the bullfrog.
The bullfrog is moderately wounded.
The bullfrog hits you but does no damage.
The bullfrog closely misses you.
You slash the bullfrog! You burn the bullfrog.
You kill the bullfrog!
You have reached level 9!
Your experience leads to an increase in your attributes!
Increase (S)trength, (I)ntelligence, or (D)exterity?
You feel stronger. x2
You see here a bullfrog corpse.
Found a ring mail.
You see here a bullfrog corpse.
Found a staircase to the Ecumenical Temple.
A troll comes into view.
The troll shouts!
You throw a boomerang. The boomerang hits the troll.
The troll is lightly wounded.
You throw a boomerang. The boomerang closely misses the troll.
You throw a boomerang. The boomerang closely misses the troll.
You throw a boomerang. The boomerang barely misses the troll.
You barely miss the troll.
The troll is lightly wounded.
The troll bites you but does no damage.
The troll claws you but does no damage. x2
You slash the troll!
The troll goes berserk!
The troll is heavily wounded.
The troll bites you! The troll claws you. x2
You slash the troll! You burn the troll.
The troll is severely wounded.
The troll bites you.
The troll claws you but does no damage. x2
The troll bites you but does no damage. The troll claws you.
The troll barely misses you.
You closely miss the troll.
The troll is severely wounded.
The troll bites you but does no damage. The troll claws you! x2
5108 ||| READING scroll of teleportation.
As you read the scroll of teleportation, it crumbles to dust.
You feel strangely unstable. The troll barely misses you. The troll claws you!
You die...

..........####.#.......#
...........#.?.....#..##
........#....>.....####
.......###[.....#####.#
..?......#.##...#.....##
#
...##......#...........#
#
...####.#..............#
# ....
###.##..........## #
..#.. #.#..#..@...### #
.# ........T..## # .
............# #
.<##.......## #
#..#......... #
.^......... #
........#.. #
..........#. # #


You could see a troll (berserk).

Vanquished Creatures
  Eustachio (D:5)
  Menkaure (D:4)
  A naga (D:6)
  A phantom (D:4)
  A kobold brigand (D:6)
  2 bullfrogs (D:6)
  4 scorpions
  An orc priest (D:6)
  A jelly (D:3)
  6 hounds
  7 iguanas
  A sleepcap (D:5)
  Natasha (thrice) (D:4)
  2 orc wizards (D:6)
  Robin (D:3)
  8 adders
  A shadow imp (D:6)
  A worm (D:3)
  6 dart slugs
  17 orcs
  6 bats
  14 endoplasms
  4 giant cockroaches
  14 goblins
  8 hobgoblins
  4 jackals
  7 quokkas
  5 ball pythons
  2 frilled lizards (D:1)
  18 kobolds
  10 rats
158 creatures vanquished.

Notes
Turn   | Place    | Note
-------+----------+-------------------------------------------
     0 | D:1      | qw the Gargoyle Cinder Acolyte began the quest for the Orb.
     0 | D:1      | Reached XP level 1. HP: 14/14 MP: 2/2
     0 | D:1      | 0 ||| qw: Version: 0.2-a-95-g4c1bab1
     0 | D:1      | 0 ||| qw: Game counter: 165
     0 | D:1      | 0 ||| qw: Always use a shield: true
     0 | D:1      | 0 ||| qw: God list: Okawaru
     0 | D:1      | 0 ||| qw: Allow faded altars: false
     0 | D:1      | 0 ||| qw: Do Orc after D:15 true
     0 | D:1      | 0 ||| qw: Do second Lair branch before Depths: true
     0 | D:1      | 0 ||| qw: Lair rune preference: random
     0 | D:1      | 0 ||| qw: Plans: Normal
     0 | D:1      | 0 ||| PLANNING D:1-11
    67 | D:1      | 67 ||| Stepping ~*~*~tactically~*~*~ (stealth).
    71 | D:1      | 71 ||| Stepping ~*~*~tactically~*~*~ (stealth).
    73 | D:1      | 73 ||| Stepping ~*~*~tactically~*~*~ (stealth).
    74 | D:1      | 74 ||| Stepping ~*~*~tactically~*~*~ (stealth).
    75 | D:1      | 75 ||| Stepping ~*~*~tactically~*~*~ (stealth).
    76 | D:1      | 76 ||| Stepping ~*~*~tactically~*~*~ (stealth).
    77 | D:1      | 77 ||| Stepping ~*~*~tactically~*~*~ (stealth).
    78 | D:1      | 78 ||| Stepping ~*~*~tactically~*~*~ (stealth).
    79 | D:1      | 79 ||| Stepping ~*~*~tactically~*~*~ (stealth).
    94 | D:1      | Reached skill level 3 in Axes
   105 | D:1      | Reached XP level 2. HP: 15/19 MP: 3/3
   118 | D:1      | 118 ||| Stepping ~*~*~tactically~*~*~ (stealth).
   275 | D:1      | 275 ||| Stepping ~*~*~tactically~*~*~ (hiding).
   293 | D:1      | 293 ||| Stepping ~*~*~tactically~*~*~ (stealth).
   333 | D:1      | 333 ||| Stepping ~*~*~tactically~*~*~ (hiding).
   336 | D:1      | 336 ||| Stepping ~*~*~tactically~*~*~ (hiding).
   342 | D:1      | Reached XP level 3. HP: 21/23 MP: 4/4
   349 | D:1      | 349 ||| Stepping ~*~*~tactically~*~*~ (stealth).
   379 | D:1      | Found Cyptuggo's Book Boutique.
   422 | D:1      | 422 ||| Stepping ~*~*~tactically~*~*~ (stealth).
   424 | D:1      | 424 ||| Stepping ~*~*~tactically~*~*~ (stealth).
   445 | D:1      | Reached skill level 4 in Axes
   458 | D:1      | 458 ||| Stepping ~*~*~tactically~*~*~ (hiding).
   768 | D:1      | 768 ||| UPGRADING to +0 plate armour.
   778 | D:1      | 778 ||| DROPPING +0 robe.
   779 | D:1      | 779 ||| READING scroll labelled NUMALI SUOPLE.
   780 | D:1      | 780 ||| READING 2 scrolls labelled GOEDOU CIFIOMO.
   855 | D:2      | 855 ||| Stepping ~*~*~tactically~*~*~ (hiding).
   897 | D:2      | 897 ||| SWAPPING to +0 war axe.
   899 | D:2      | 899 ||| Stepping ~*~*~tactically~*~*~ (stealth).
   903 | D:2      | Reached skill level 1 in Armour
   903 | D:2      | Reached XP level 4. HP: 26/28 MP: 5/5
  1039 | D:2      | 1039 ||| Stepping ~*~*~tactically~*~*~ (hiding).
  1040 | D:2      | 1040 ||| Stepping ~*~*~tactically~*~*~ (hiding).
  1041 | D:2      | 1041 ||| Stepping ~*~*~tactically~*~*~ (hiding).
  1042 | D:2      | 1042 ||| Stepping ~*~*~tactically~*~*~ (hiding).
  1045 | D:2      | 1045 ||| Stepping ~*~*~tactically~*~*~ (hiding).
  1046 | D:2      | 1046 ||| Stepping ~*~*~tactically~*~*~ (hiding).
  1188 | D:2      | Found a shimmering altar of Xom.
  1512 | D:2      | 1512 ||| UPGRADING to amulet of the acrobat.
  1517 | D:2      | 1517 ||| READING scroll labelled OWOYCVE YNATHA.
  1518 | D:2      | 1518 ||| DRINKING 2 orange potions.
  1519 | D:2      | 1519 ||| READING 2 scrolls of identify.
  1519 | D:2      | 1519 ||| IDENTIFYING lumpy blue potion
  1520 | D:2      | 1520 ||| DROPPING potion of degeneration.
  1546 | D:3      | 1546 ||| PLANNING SEWER
  1551 | D:3      | 1551 ||| STAIRDANCE
  1625 | D:3      | 1625 ||| INVOKING Fiery Armour.
  1732 | D:3      | Found a transporter.
  1746 | D:3      | Found a transporter.
  1748 | D:3      | Noticed Venter's ghost (amateur DsFi)
  1812 | D:3      | 1812 ||| Stepping ~*~*~tactically~*~*~ (stealth).
  1889 | D:3      | 1889 ||| Stepping ~*~*~tactically~*~*~ (stealth).
  1891 | D:3      | 1891 ||| Stepping ~*~*~tactically~*~*~ (stealth).
  1924 | D:3      | Reached XP level 5. HP: 32/32 MP: 6/6
  1948 | D:3      | Noticed Robin
  1949 | D:3      | 1949 ||| INVOKING Fiery Armour.
  1961 | D:3      | Killed Robin
  2055 | D:3      | Found a glowing drain.
  2056 | D:3      | 2056 ||| UPGRADING to +2 helmet.
  2061 | D:3      | 2061 ||| READING scroll labelled UTHUQOIDO.
  2062 | D:3      | 2062 ||| READING 2 scrolls labelled QOANAR KYACKO.
  2063 | D:3      | 2063 ||| DROPPING scroll of vulnerability.
  2072 | D:3      | Reached skill level 5 in Axes
  2180 | D:3      | 2180 ||| Stepping ~*~*~tactically~*~*~ (hiding).
  2295 | D:3      | 2295 ||| RIP SEWER
  2308 | D:3      | 2308 ||| PLANNING D:1-11
  2330 | D:3      | Reached skill level 3 in Armour
  2535 | D:3      | 2535 ||| READING scroll labelled VUWNEDD OKHLACH.
  2535 | D:3      | Identified a scroll of acquirement
  2535 | D:3      | 2535 ||| ACQUIRING +1 pair of gloves of Wecyupp {-Cast
                  | rPois rC+}
  2535 | D:3      | Acquired the +1 pair of gloves of Wecyupp {-Cast rPois rC+}
  2537 | D:3      | 2537 ||| UPGRADING to +1 pair of gloves of Wecyupp {-Cast
                  | rPois rC+}.
  2542 | D:3      | 2542 ||| READING scroll labelled ZOHAICOBAO.
  2600 | D:4      | Noticed Natasha
  2616 | D:4      | Killed Natasha
  2617 | D:4      | Reached skill level 1 in Throwing
  2617 | D:4      | Reached XP level 6. HP: 35/37 MP: 7/7
  2739 | D:4      | Found Exieqom's Book Shoppe.
  2746 | D:4      | 2746 ||| Stepping ~*~*~tactically~*~*~ (stealth).
  2776 | D:4      | Found Heracvapt's Magic Scroll Boutique.
  2782 | D:4      | Noticed Menkaure
  2791 | D:4      | Killed Menkaure
  2827 | D:4      | Noticed Natasha
  2828 | D:4      | 2828 ||| Stepping ~*~*~tactically~*~*~ (stealth).
  2829 | D:4      | 2829 ||| Stepping ~*~*~tactically~*~*~ (stealth).
  2841 | D:4      | 2841 ||| INVOKING Fiery Armour.
  2856 | D:4      | 2856 ||| Stepping ~*~*~tactically~*~*~ (stealth).
  2860 | D:4      | Killed Natasha
  2925 | D:4      | 2925 ||| SHOPLISTING scroll of acquirement (520 gold, have
                  | 93).
  2925 | D:4      | 2925 ||| SHOPLISTING scroll of brand weapon (95 gold, have
                  | 93).
  2925 | D:4      | 2925 ||| BUYING scroll of enchant armour (75 gold).
  2925 | D:4      | Bought a scroll of enchant armour for 75 gold pieces
  2925 | D:4      | 2925 ||| SHOPLISTING scroll of enchant weapon (75 gold,
                  | have 18).
  2925 | D:4      | 2925 ||| SHOPLISTING scroll of identify (20 gold, have 18).
  2925 | D:4      | 2925 ||| READING scroll of enchant armour.
  2925 | D:4      | 2925 ||| ENCHANTING +0 plate armour.
  2929 | D:4      | Found Uler's Antique Weapon Shop.
  2955 | D:4      | 2955 ||| SHOPLISTING glowing hand axe (132 gold, have 18).
  2957 | D:4      | Found Wexkitsy's Jewellery Shoppe.
  2960 | D:4      | Noticed Natasha
  2961 | D:4      | 2961 ||| Stepping ~*~*~tactically~*~*~ (hiding).
  2962 | D:4      | 2962 ||| Stepping ~*~*~tactically~*~*~ (hiding).
  2965 | D:4      | Killed Natasha
  2966 | D:4      | Reached XP level 7. HP: 44/44 MP: 8/8
  2979 | D:4      | 2979 ||| INVOKING Fiery Armour.
  3077 | D:4      | 3077 ||| SHOPLISTING +6 ring of strength (360 gold, have
                  | 18).
  3077 | D:4      | 3077 ||| SHOPLISTING amulet of reflection (300 gold, have
                  | 18).
  3077 | D:4      | 3077 ||| SHOPLISTING ring of Vuny {rF+ AC+4 Dex+5} (605
                  | gold, have 18).
  3077 | D:4      | 3077 ||| SHOPLISTING ring of positive energy (200 gold,
                  | have 18).
  3077 | D:4      | 3077 ||| SHOPLISTING ring of protection from fire (250
                  | gold, have 18).
  3077 | D:4      | 3077 ||| SHOPLISTING ring of resist corrosion (200 gold,
                  | have 18).
  3153 | D:4      | Found Fusosih's General Store.
  3161 | D:4      | 3161 ||| BUYING scroll of teleportation (30 gold).
  3161 | D:4      | Bought a scroll of teleportation for 30 gold pieces
  3179 | D:4      | 3179 ||| Stepping ~*~*~tactically~*~*~ (stealth).
  3188 | D:4      | Reached skill level 6 in Axes
  3472 | D:4      | 3472 ||| READING scroll labelled NIOZOPP DIOWN.
  3582 | D:4      | 3582 ||| READING scroll labelled UPPOEL SETAU.
  3583 | D:4      | 3583 ||| DRINKING 2 sedimented coppery potions.
  3612 | D:5      | Entered Level 5 of the Dungeon
  3643 | D:5      | Reached XP level 8. HP: 48/48 MP: 9/9
  3972 | D:5      | Reached skill level 7 in Axes
  3981 | D:5      | 3981 ||| READING scroll of enchant armour.
  3981 | D:5      | 3981 ||| ENCHANTING +1 plate armour.
  4026 | D:5      | 4026 ||| READING scroll of enchant armour.
  4026 | D:5      | 4026 ||| ENCHANTING +2 plate armour.
  4314 | D:5      | Noticed Eustachio
  4331 | D:5      | Killed Eustachio
  4537 | D:5      | 4537 ||| READING scroll labelled HIMOSM MUAHI.
  4538 | D:5      | 4538 ||| READING scroll labelled OGUIQAV FIHYO.
  4539 | D:5      | 4539 ||| READING 3 scrolls of identify.
  4539 | D:5      | 4539 ||| IDENTIFYING clear potion
  4540 | D:5      | 4540 ||| READING 2 scrolls of identify.
  4540 | D:5      | 4540 ||| IDENTIFYING fizzy yellow potion
  4541 | D:5      | 4541 ||| DROPPING potion of brilliance.
  4597 | D:6      | Reached skill level 8 in Axes
  4622 | D:6      | Identified the +1 whip of Chaos {freeze, rF+ Will+ Int+3
                  | Dex-5}
  4639 | D:6      | 4639 ||| Stepping ~*~*~tactically~*~*~ (hiding).
  4640 | D:6      | 4640 ||| Stepping ~*~*~tactically~*~*~ (hiding).
  4706 | D:6      | Identified the +3 leather armour "Laraunaf" {Str+2}
  4733 | D:6      | 4733 ||| Stepping ~*~*~tactically~*~*~ (stealth).
  4821 | D:6      | 4821 ||| Stepping ~*~*~tactically~*~*~ (hiding).
  4842 | D:6      | 4842 ||| INVOKING Fiery Armour.
  4844 | D:6      | Reached skill level 6 in Fighting
  4993 | D:6      | Reached XP level 9. HP: 56/56 MP: 10/10
  5055 | D:6      | Found a staircase to the Ecumenical Temple.
  5099 | D:6      | Noticed a troll
  5107 | D:6      | HP: 3/56 [troll (15)]
  5108 | D:6      | 5108 ||| READING scroll of teleportation.
  5108 | D:6      | Slain by a troll

Levels and vault maps discovered:
D:1:      dpeg_arrival_renting, layout_rooms, serial_shops,
          nicolae_shop_statue_plus, minmay_vboxes
D:2:      layout_basic, basic_altar
D:3:      layout_basic, gammafunk_ghost_stat_death, gup_sewer_entry_glass,
          minmay_misc_feat_doors, uniq_robin
D:4:      layout_basic, minitemple, serial_shops, shop, shop,
          nicolae_book_shop_shelving, shop, shop_fountains, kennysheep_nub,
          hangedman_decor_opposing, uniq_natasha, uniq_menkaure
D:5:      layout_loops_corners, nicolae_underground_beach, uniq_eustachio
D:6:      layout_cave_pools, minmay_temple_entry_poolview

Skill      XL: |  1  2  3  4  5  6  7  8 |
---------------+-------------------------+-----
Axes           | 3 4 5 6 8 |  8.2
Armour         | 1 2 3 4 5 |  5.4
Throwing       | 1 |  1.1
Fighting       | 4 6 |  6.4
Spellcasting   | |  1.0
Fire Magic     | |  3.0

Action                     |  1- 3 |  4- 6 |  7- 9 || total
---------------------------+-------+-------+-------++-------
  Melee: Hand axe          |    99 |       |       ||    99
         War axe           |     3 |   199 |   204 ||   406
         Punch             |       |     1 |     1 ||     2
  Throw: Javelin           |       |     6 |    22 ||    28
         Boomerang         |       |       |    14 ||    14
 Invoke: Fiery Armour      |       |     3 |     2 ||     5
    Use: Scroll            |     2 |     7 |     9 ||    18
         Potion            |       |     1 |     1 ||     2
 Armour: Robe              |    29 |       |       ||    29
         Plate armour      |     1 |   176 |   185 ||   362
  Dodge: Dodged            |    57 |    63 |    56 ||   176

Table legend:
 A = Non-vault XP
 B = Vault XP
 C = Vault XP percentage of total XP
 D = Non-vault monster count
 E = Vault monster count
 F = Vault count percentage of total count
                 A         B        C        D         E       F
            +---------+---------+-------+---------+---------+-------
      Total |    1928 |     491 |  20.3 |     138 |      20 |  12.7
            +---------+---------+-------+---------+---------+-------
        D:1 |      60 |       6 |   9.1 |      33 |       4 |  10.8
        D:2 |      49 |       0 |   0.0 |      22 |       0 |   0.0
        D:3 |     120 |      72 |  37.5 |      26 |      13 |  33.3
        D:4 |     559 |     210 |  27.3 |      21 |       2 |   8.7
        D:5 |     421 |     203 |  32.5 |      16 |       1 |   5.9
        D:6 |     719 |       0 |   0.0 |      20 |       0 |   0.0
            +---------+---------+-------+---------+---------+-------
